 Dungeon Crawl Stone Soup version 0.18.1-1-g2f07953 (webtiles) character file.

5817 Sixotanaka the Fencer (level 11, -8/112 HPs)
             Began as a Human Fighter on May 15, 2016.
             Was an Elder of Okawaru.
             Mangled by Sixotanaka's ghost (9 damage)
             ... on level 9 of the Dungeon.
             The game lasted 00:17:10 (9008 turns).

Sixotanaka the Fencer (Human Fighter)               Turns: 9008, Time: 00:17:11

Health: -8/112     AC: 25    Str: 20    XL:     11   Next: 7%
Magic:  0/11       EV:  2    Int:  9    God:    Okawaru [****..]
Gold:   591        SH:  0    Dex: 12    Spells: 0 memorised, 10 levels left

rFire  . . .     SeeInvis .     a - +0 great sword
rCold  . . .     Gourm    .     (armour currently unavailable)
rNeg   + + +     Faith    .     (shield currently unavailable)
rPois  +         Spirit   .     (helmet currently unavailable)
rElec  .         Dismiss  .     (cloak currently unavailable)
rCorr  .         Reflect  .     (gloves currently unavailable)
SustAt .         Harm     .     (boots currently unavailable)
MR     .....     NoTele   +     (no amulet)
Stlth  ++........               (no ring)
                                E - ring of stealth

@: tree-form, not resistant to hostile enchantments, unstealthy
A: no striking features
a: Heroism, Renounce Religion


You were on level 9 of the Dungeon.
You worshipped Okawaru.
Okawaru was greatly pleased with you.
You were not hungry.
You were a tree.
You visited 2 branches of the dungeon, and saw 10 of its levels.

You collected 591 gold pieces.


   Skills:
 - Level 3.0 Fighting
 + Level 15.1 Long Blades
 - Level 3.0 Armour
   Level 3.0 Shields


You had 10 spell levels left.
You didn't know any spells.

Dungeon Overview and Level Annotations

Branches:
Dungeon (8/15)             Temple (1/1) D:4
   Lair: D:8-11

Altars:
Ashenzari
Cheibriados
Dithmenos
Elyvilon
Fedhas
Gozag
Makhleb
Nemelex Xobeh
Okawaru
Pakellas
Qazlal
Ru
Sif Muna
Trog
Vehumet
Xom
Yredelemnul
Zin
The Shining One

Shops:
D:5 [

Annotations:
D:9 Sixotanaka's ghost, novice HuFi

Inventory:

Hand Weapons
 a - a +0 great sword (weapon)
 b - a +0 blowgun
 k - a +0 scimitar of flaming
   (You took it off Erica on level 9 of the Dungeon)
 B - a +0 blowgun
Missiles
 s - 32 poisoned needles
 J - 2 throwing nets (quivered)
Armour
 t - a +0 pair of gloves (melded)
 w - a +1 cloak (melded)
 z - a +0 scale mail (melded)
Jewellery
 E - a ring of stealth (left branch)
Wands
 y - a wand of flame (19/48)
 G - a wand of paralysis (9/24)
 M - a wand of enslavement (14/24)
Scrolls
 e - 8 scrolls of identify {unknown}
 h - a scroll of immolation {unknown}
 i - 3 scrolls of teleportation {unknown}
 j - 8 scrolls of remove curse {unknown}
 l - 3 scrolls of fear {unknown}
 m - a scroll of amnesia {unknown}
 q - 2 scrolls of enchant armour {unknown}
 u - a scroll of magic mapping {unknown}
 A - a scroll of enchant weapon {unknown}
 C - 3 scrolls of blinking {unknown}
 F - a scroll of random uselessness {unknown}
Potions
 p - 2 potions of curing {@q1}
 H - a potion of brilliance
 L - a potion of magic {unknown}
Comestibles
 d - 20 chunks of flesh
 f - 4 bread rations
 o - 3 fruits
 v - 4 meat rations

##############........
.........................
.........................
............#########...
......>....Y# #..#
............# #..#
............# #..#
............#########..#######
............[÷.Z♣W............
##########..#########.........
#### #......... #.........
#......... ####
#########......... ...#
#................. ####
#########......... #
#.........


You could see Sixotanaka's ghost and a killer bee zombie.


Message History

Drink which item? (? for menu, Esc to quit)
It was a potion of ambrosia.
You are confused.
You feel invigorated. The killer bee zombie hits you.
* * * LOW HITPOINT WARNING * * *
Sixotanaka's ghost hits you but does no damage.
You bump into the rock wall.
The killer bee zombie barely misses you.
The killer bee zombie hits you.
* * * LOW HITPOINT WARNING * * *
Sixotanaka's ghost barely misses you.
You bump into the rock wall.
The killer bee zombie hits you but does no damage.
The killer bee zombie hits you.
* * * LOW HITPOINT WARNING * * *
Sixotanaka's ghost hits you but does no damage.
You barely miss the killer bee zombie.
The killer bee zombie barely misses you.
You bump into the rock wall.
The killer bee zombie misses you. Sixotanaka's ghost hits you!
* * * LOW HITPOINT WARNING * * *
You feel your power leaking away. The killer bee zombie hits you.
* * * LOW HITPOINT WARNING * * *
You closely miss Sixotanaka's ghost. The killer bee zombie hits you.
* * * LOW HITPOINT WARNING * * *
Sixotanaka's ghost closely misses you. The killer bee zombie hits you.
* * * LOW HITPOINT WARNING * * *
You're too confused to move!
The killer bee zombie hits you but does no damage.
Sixotanaka's ghost hits you.
* * * LOW HITPOINT WARNING * * *
The killer bee zombie hits you but does no damage.
You closely miss the killer bee zombie. Sixotanaka's ghost barely misses you.
The killer bee zombie barely misses you.
You slash the killer bee zombie!
You feel less invigorated.
You feel less confused. The killer bee zombie hits you.
* * * LOW HITPOINT WARNING * * *
Sixotanaka's ghost hits you!
* * * LOW HITPOINT WARNING * * *
You feel your power leaking away.
The killer bee zombie barely misses you.
Drink which item? (? for menu, Esc to quit)
Okay, then.
You fail to use your ability.
The killer bee zombie hits you but does no damage.
Sixotanaka's ghost hits you!
* * * LOW HITPOINT WARNING * * *
You feel your power leaking away.
Read which item? (? for menu, Esc to quit)
Okay, then.
Drink which item? (? for menu, Esc to quit)
It was a potion of cure mutation.
It has a very clean taste.
Your body's shape seems more normal.
You feel stupid.
Your vision seems duller.
The killer bee zombie barely misses you.
The killer bee zombie hits you but does no damage.
Sixotanaka's ghost hits you!
* * * LOW HITPOINT WARNING * * *
You feel your power leaking away.
Drink which item? (? for menu, Esc to quit)
It was a potion of lignification.
You turn into a tree.
Your +1 cloak melds into your body.
Your +0 pair of gloves melds into your body.
Your +0 scale mail melds into your body.
Your roots penetrate the ground.
The killer bee zombie hits you but does no damage.
The killer bee zombie barely misses you.
Sixotanaka's ghost hits you!
You die...

Action                   |  1- 3 |  4- 6 |  7- 9 | 10-12 || total
-------------------------+-------+-------+-------+-------++-------
Melee: Long sword        |   112 |   104 |       |       ||   216
       Falchion          |       |    19 |   342 |   123 ||   484
       Great sword       |       |       |       |   128 ||   128
 Fire: Blowgun           |       |       |    29 |       ||    29
Throw: Throwing net      |       |       |     2 |       ||     2
  Use: Potion            |       |       |     4 |     7 ||    11
 Stab: Invisible         |       |       |       |     2 ||     2
  Eat: Chunk             |     2 |     4 |     7 |     3 ||    16
       Bread ration      |       |       |     1 |       ||     1
       Meat ration       |       |       |     1 |       ||     1
       Pizza             |       |       |     1 |       ||     1
Armor: Scale mail        |    36 |    46 |   115 |    72 ||   269
       Skin              |       |       |       |     1 ||     1
Dodge: Dodged            |    36 |    27 |    66 |    80 ||   209
Block: Shield            |    55 |    52 |   130 |    38 ||   275

Vault maps used:
D:1:      dpeg_arrival_pond, kennysheep_pointless_box, minivault_24
D:2:      makhleb_altar_promises_db, nicolae_overflow_hidden_temple,
          first_bread, hangedman_decor_points, hex_medium
D:3:      overflow_temple_1_default, lemuel_doored_altar, minmay_mini_jars
D:4:      elyvilon_altar_1, xom_confusion_cloud, minmay_temple_entry_nine_rooms,
          lexackson_kobold_supper
D:5:      kennysheep_mini_moat, serial_shops, nicolae_shop_stone,
          lightli_sewer_entry_pipes
D:8:      nicolae_ru_great_annihilating_truth
D:9:      minmay_lair_entry_grove, kennysheep_orc_monster_closet_entryway,
          serial_shops, kennysheep_mini, hangedman_ranch,
          kennysheep_small_square, uniq_erica, uniq_maurice
Temple:   circular_temple_12

Notes
Turn   | Place    | Note
--------------------------------------------------------------
     0 | D:1      | Sixotanaka the Human Fighter began the quest for the Orb.
     0 | D:1      | Reached XP level 1. HP: 18/18 MP: 1/1
   166 | D:1      | Reached XP level 2. HP: 20/24 MP: 2/2
   453 | D:1      | Reached skill level 3 in Long Blades
   624 | D:1      | Reached XP level 3. HP: 18/29 MP: 3/3
   900 | D:2      | Found a burning altar of Makhleb.
   902 | D:2      | Noticed an Executioner
  1438 | D:2      | Reached XP level 4. HP: 31/35 MP: 4/4
  1476 | D:2      | Found a shattered altar of Ashenzari.
  1504 | D:2      | Reached skill level 4 in Long Blades
  1723 | D:3      | Found a basalt altar of Yredelemnul.
  2281 | D:3      | Found a radiant altar of Vehumet.
  2367 | D:3      | Noticed a big kobold
  2381 | D:3      | Killed a big kobold
  2381 | D:3      | Reached skill level 5 in Long Blades
  2381 | D:3      | Reached XP level 5. HP: 35/41 MP: 5/5
  2476 | D:4      | Found a shimmering altar of Xom.
  2564 | D:4      | Found a white marble altar of Elyvilon.
  2591 | D:4      | Reached XP level 6. HP: 47/47 MP: 6/6
  2654 | D:4      | Reached skill level 6 in Long Blades
  2662 | D:4      | Reached XP level 7. HP: 21/52 MP: 7/7
  3007 | D:4      | Noticed kspaans's ghost (amateur DrAE)
  3031 | D:4      | Killed kspaans's ghost
  3031 | D:4      | Reached skill level 7 in Long Blades
  3137 | D:4      | Reached skill level 8 in Long Blades
  3212 | D:4      | Found a staircase to the Ecumenical Temple.
  3222 | D:4      | Reached XP level 8. HP: 52/58 MP: 8/8
  3225 | Temple   | Entered the Ecumenical Temple
  3249 | Temple   | Became a worshipper of Warmaster Okawaru
  3424 | D:4      | Reached skill level 9 in Long Blades
  3783 | D:5      | Entered Level 5 of the Dungeon
  3930 | D:5      | Noticed Sixotanaka's ghost (novice HuFi)
  3938 | D:5      | Killed Sixotanaka's ghost
  3938 | D:5      | Reached * piety under Okawaru
  3938 | D:5      | Reached skill level 10 in Long Blades
  4044 | D:5      | Found Ostraac's Armour Boutique.
  4172 | D:5      | Reached XP level 9. HP: 63/63 MP: 9/9
  4402 | D:5      | Found a stormy altar of Qazlal.
  4439 | D:5      | Reached skill level 11 in Long Blades
  4956 | D:5      | Reached ** piety under Okawaru
  5411 | D:6      | HP: 14/63 [orc warrior/tomahawk (7)]
  5422 | D:5      | HP: 14/63 [orc wizard/dagger (2)]
  5674 | D:6      | Reached skill level 12 in Long Blades
  6690 | D:7      | HP: 15/63 [orc priest/divine providence (13)]
  7073 | D:7      | Reached XP level 10. HP: 69/70 MP: 10/10
  7162 | D:7      | Reached skill level 13 in Long Blades
  7907 | D:8      | Found a sacrificial altar of Ru.
  7989 | D:8      | Reached *** piety under Okawaru
  8428 | D:8      | You fall through a shaft!
  8469 | D:9      | Noticed Maurice
  8529 | D:9      | Killed Maurice
  8529 | D:9      | Reached skill level 14 in Long Blades
  8572 | D:9      | Noticed Erica
  8588 | D:9      | Killed Erica
  8588 | D:9      | Reached **** piety under Okawaru
  8880 | D:9      | Reached XP level 11. HP: 70/75 MP: 11/11
  8885 | D:9      | Reached skill level 15 in Long Blades
  8966 | D:9      | Noticed Sixotanaka's ghost (novice HuFi)
  8996 | D:9      | Gained mutation: Armour fits poorly on your strangely shaped body. [potion of mutation]
  8996 | D:9      | Gained mutation: Your mind is acute. (Int +2) [potion of mutation]
  8996 | D:9      | Gained mutation: You have supernaturally acute eyesight. [potion of mutation]
  9006 | D:9      | HP: 11/75 [Sixotanaka's ghost (15)]
  9007 | D:9      | Lost mutation: Armour fits poorly on your strangely shaped body. [potion of cure mutation]
  9007 | D:9      | Lost mutation: Your mind is acute. (Int +2) [potion of cure mutation]
  9007 | D:9      | Lost mutation: You have supernaturally acute eyesight. [potion of cure mutation]
  9007 | D:9      | HP: 1/75 [Sixotanaka's ghost (11)]
  9008 | D:9      | Mangled by Sixotanaka's ghost

Vanquished Creatures
  Erica (D:9)
  The ghost of Sixotanaka the Carver, a novice HuFi (D:5)
  Maurice (D:9)
  6 yaks (D:9)
  The ghost of kspaans the Gusty, an amateur DrAE (D:4)
  2 orc warriors
  A phantom (D:4)
  9 ogres
  A sky beast (D:6)
  4 centaurs
  2 big kobolds
  A giant frog (D:8)
  2 scorpions
  8 wights
  3 killer bees (D:7)
  3 crimson imps
  A centaur zombie (D:7)
  6 orc priests
  2 hounds
  2 giant frog skeletons
  A centaur skeleton (D:5)
  5 iguanas
  6 orc wizards
  9 worker ants
  4 gnolls
  9 adders
  2 river rats (D:9)
  A shadow imp (D:7)
  2 oozes
  2 adder skeletons
  4 worms
  4 dart slugs
  8 giant geckos
  27 orcs
  3 ball pythons
  4 bats
  7 giant cockroaches
  4 goblins
  11 hobgoblins
  6 jackals
  8 kobolds
  5 quokkas
  7 giant newts
  3 rats
  A plant (D:4)
200 creatures vanquished.

Vanquished Creatures (others)
  An iguana (D:4)
  A worker ant (D:4)
  A worm (D:4)
  2 giant cockroaches (D:4)
  3 jackals (D:4)
  2 fungi (D:9)
  4 plants (D:9)
14 creatures vanquished.

Grand Total: 214 creatures vanquished
